 Dungeon Sprint DCSS version 0.29.1-2-gbd0b4ee654 (webtiles) character file.

Game seed: 16830505327635172397

4400000 Groucho the Champion of Chaos (level 22, -8/212 HPs)
             Began as a Gnoll Wanderer on Nov 4, 2022.
             Was the Champion of Makhleb.
             Mangled by a destroyer
             ... wielding a +9 vorpal great sword
              (38 damage)
             ... in the Dungeon (Sprint VIII: "Arena of Blood").
             The game lasted 00:02:13 (44 turns).

Groucho the Champion of Chaos (Gnoll Wanderer)        Turns: 44, Time: 00:02:14

Health: -8/212     AC:  6    Str: 13    XL:     22   Next: 15%
Magic:  15/53      EV: 35    Int: 11    God:    Makhleb [******]
Gold:   0          SH:  0    Dex: 22    Spells: 74/75 levels left

rFire   . . .      SeeInvis .   j - +∞ Axe of Woe
rCold   . . .      Faith    .   (shield currently unavailable)
rNeg    . . .      Spirit   .   d - +0 robe
rPois   .          Reflect  .   b - +0 helmet
rElec   .          Harm     .   (no cloak)
rCorr   .          Rampage  .   (no gloves)
Will    +....      NoTele   +   (no boots)
Stlth   ++++++++++              (no amulet)
HPRegen 0.45/turn               k - +30 ring of slaying
MPRegen 0.33/turn               (no ring)

@: no status effects
A: fangs 1, strong nose, distributed training
a: Renounce Religion, Minor Destruction, Lesser Servant of Makhleb, Major
Destruction, Greater Servant of Makhleb


You were in the Dungeon.
You worshipped Makhleb.
Makhleb was exalted by your worship.
You visited 1 branch

Inventory:

Hand Weapons
 a - a +0 sling
 j - the +∞ Axe of Woe (weapon)
   (You found it in the Dungeon)
Armour
 b - a +0 helmet (worn)
 d - a +0 robe (worn)
Jewellery
 k - a +30 ring of slaying (left hand)
Scrolls
 c - 2 scrolls of blinking
Potions
 e - a potion of curing
 f - a potion of heal wounds
 g - a potion of haste
 h - 2 potions of magic
 i - a potion of berserk rage


   Skills:
 O Level 27 Fighting
 O Level 27 Short Blades
 O Level 27 Long Blades
 O Level 27 Axes
 O Level 27 Maces & Flails
 O Level 27 Polearms
 O Level 27 Staves
 O Level 27 Ranged Weapons
 O Level 27 Throwing
 O Level 27 Armour
 O Level 27 Dodging
 O Level 27 Stealth
 O Level 27 Shields
 O Level 27 Unarmed Combat
 O Level 27 Spellcasting
 O Level 27 Conjurations
 O Level 27 Hexes
 O Level 27 Summonings
 O Level 27 Necromancy
 O Level 27 Translocations
 O Level 27 Transmutations
 O Level 27 Fire Magic
 O Level 27 Ice Magic
 O Level 27 Air Magic
 O Level 27 Earth Magic
 O Level 27 Poison Magic
 O Level 27 Invocations
 O Level 27 Evocations


You had 74 spell levels left.
You knew the following spells:

 Your Spells              Type           Power      Damage    Failure   Level
a - Sting                 Tmut/Pois      100%       1d8       0%          1

Your spell library contained the following spells:

 Spells                   Type           Power      Damage    Failure   Level
 Ignite Poison            Fire/Tmut/Pois 65%        N/A       0%          3
 Corpse Rot               Necr/Pois/Air  65%        N/A       0%          4


Dungeon Overview and Level Annotations

Branches:
Dungeon (1/1)

Altars:
Makhleb

Annotations:
D The Servant


Innate Abilities, Weirdness & Mutations

You have very sharp teeth.
Your uncanny sense of smell can sniff out nearby items.
Your experience applies equally to all skills.


Message History

The large bag of meat explodes!
The fiery explosion engulfs you!!
You are engulfed in blazing flames.
You hear a shout! x2
The sculptor of flesh is engulfed in blazing flames.
You hear a shout! x2
A bag of meat comes into view. It is wielding a +9 war axe. x2
The meat berserker rages.
Unknown command.
You hit the sculptor of flesh.
You dissect the sculptor of flesh like a pig carcass.
You destroy the sculptor of flesh!
Makhleb accepts your kill.
You dice the meat berserker like an onion!!!
You chop the meat berserker into pieces.
You kill the meat berserker!
Makhleb accepts your kill.
You feel better.
You are engulfed in blazing flames.
You hear a shout! x5
The destroyer gestures at you while chanting.
The destroyer blinks!
You hear a shout! x2
A meat berserker comes into view. It is wielding a +9 battleaxe.
You hear a shout! x4
You have reached level 22!
A sculptor of flesh, a bag of meat and 2 destroyers come into view.
A destroyer is wielding a +9 vorpal great sword.
A destroyer is wielding a +9 vorpal great sword.
The bag of meat shouts!
You hear two shouts!
You hear a shout! x4
A bag of meat comes into view. It is wielding a +9 war axe.
The bag of meat is engulfed in blazing flames.
You hear a shout! x2
The destroyer points at you and mumbles some strange words.
The destroyer blinks!
You hear a shout! x2
The Servant comes into view.
He is wielding a +9 glaive of flaming.
You hear a shout!
The destroyer is engulfed in blazing flames.
The destroyer hits you with a +9 vorpal great sword!!!!
Ouch! That really hurt!
* * * LOW HITPOINT WARNING * * *
You die...

.. .. OO .....
#. ...# #o.
...# . .###..
...###..
......###§.....
..z..§.§o§.....
#.§§§°# #Vz@§§#
#.zVz)#
......_.....
......###..o...
.###.. ...###..
#.. ...# . #o.
...# o@ .....


You could see The Servant, 2 destroyers, 4 sculptors of flesh, 2 meat berserkers
and 5 bags of meat.

Vanquished Creatures
  2 vampire knights (D)
  12 ogres (D)
  4 two-headed ogres (D)
  24 orcs (D)
  2 skeletal warriors (D)
44 creatures vanquished.

Notes
Turn   | Place    | Note
-------+----------+-------------------------------------------
     0 | D        | Found the +∞ Axe of Woe
     0 | D        | Groucho the Gnoll Wanderer began the quest for the Orb.
     0 | D        | Groucho set off with the following items: a +0 sling, a +0
                  | helmet, 2 scrolls of blinking, a +0 robe, a potion of
                  | curing, a potion of heal wounds, a potion of haste, 2
                  | potions of magic, a potion of berserk rage; and the
                  | following spell memorised: Sting; and the following spells
                  | available to memorise: Ignite Poison, Corpse Rot.
     0 | D        | Reached XP level 1. HP: 13/13 MP: 6/6
     2 | D        | Noticed a bag of meat
     3 | D        | Noticed a bag of meat
     4 | D        | Became a worshipper of Makhleb the Destroyer
     4 | D        | Noticed a meat berserker
     5 | D        | Killed a meat berserker
     5 | D        | Noticed a meat berserker
     6 | D        | Reached skill level 10 in Poison Magic
     6 | D        | Reached XP level 2. HP: 37/37 MP: 6/15
     6 | D        | Reached XP level 3. HP: 43/43 MP: 6/17
     6 | D        | Reached XP level 4. HP: 50/50 MP: 6/18
     6 | D        | Reached XP level 5. HP: 56/56 MP: 6/20
     6 | D        | Reached XP level 6. HP: 62/62 MP: 6/21
     6 | D        | Reached XP level 7. HP: 68/68 MP: 6/23
     6 | D        | Reached XP level 8. HP: 75/75 MP: 6/24
     6 | D        | Reached XP level 9. HP: 81/81 MP: 6/25
     6 | D        | Reached XP level 10. HP: 88/88 MP: 6/26
     6 | D        | Reached XP level 11. HP: 94/94 MP: 6/27
     6 | D        | Reached XP level 12. HP: 100/100 MP: 6/28
     6 | D        | Noticed a bag of meat
     7 | D        | Noticed a meat berserker
     8 | D        | Killed a bag of meat
     8 | D        | Reached * piety under Makhleb
     8 | D        | Killed a meat berserker
     8 | D        | Noticed a meat berserker
     9 | D        | Reached skill level 15 in Ranged Weapons
     9 | D        | Reached skill level 15 in Dodging
     9 | D        | Reached skill level 15 in Spellcasting
     9 | D        | Reached skill level 15 in Invocations
     9 | D        | Reached XP level 13. HP: 113/113 MP: 6/32
     9 | D        | Noticed a bag of meat
     9 | D        | Killed a bag of meat
     9 | D        | Noticed a meat berserker
     9 | D        | Noticed a bag of meat
    10 | D        | Reached XP level 14. HP: 121/121 MP: 6/33
    10 | D        | Killed a meat berserker
    10 | D        | Reached ** piety under Makhleb
    10 | D        | Noticed a bag of meat
    10 | D        | Noticed a bag of meat
    11 | D        | Reached skill level 15 in Fighting
    11 | D        | Reached skill level 15 in Short Blades
    11 | D        | Reached skill level 15 in Long Blades
    11 | D        | Reached skill level 15 in Axes
    11 | D        | Reached skill level 15 in Maces & Flails
    11 | D        | Reached skill level 15 in Polearms
    11 | D        | Reached skill level 15 in Staves
    11 | D        | Reached skill level 15 in Throwing
    11 | D        | Reached skill level 15 in Armour
    11 | D        | Reached skill level 15 in Stealth
    11 | D        | Reached skill level 15 in Shields
    11 | D        | Reached skill level 15 in Unarmed Combat
    11 | D        | Reached skill level 15 in Evocations
    11 | D        | Killed a bag of meat
    11 | D        | Noticed a bag of meat
    12 | D        | Reached XP level 15. HP: 87/132 MP: 7/36
    12 | D        | Killed a meat berserker
    12 | D        | Killed a meat berserker
    12 | D        | Reached *** piety under Makhleb
    12 | D        | Noticed a meat berserker
    13 | D        | Reached skill level 15 in Conjurations
    13 | D        | Reached skill level 15 in Hexes
    13 | D        | Reached skill level 15 in Summonings
    13 | D        | Reached skill level 15 in Necromancy
    13 | D        | Reached skill level 15 in Translocations
    13 | D        | Reached skill level 15 in Transmutations
    13 | D        | Reached skill level 15 in Fire Magic
    13 | D        | Reached skill level 15 in Ice Magic
    13 | D        | Reached skill level 15 in Air Magic
    13 | D        | Reached skill level 15 in Earth Magic
    13 | D        | Reached skill level 15 in Poison Magic
    13 | D        | Noticed a meat berserker
    13 | D        | Noticed a meat berserker
    14 | D        | Reached XP level 16. HP: 119/145 MP: 8/39
    16 | D        | Killed a meat berserker
    16 | D        | Reached **** piety under Makhleb
    17 | D        | Killed a meat berserker
    18 | D        | Reached XP level 17. HP: 155/155 MP: 9/41
    19 | D        | Noticed a meat berserker
    20 | D        | Reached ***** piety under Makhleb
    21 | D        | Killed a meat berserker
    21 | D        | Noticed a meat berserker
    21 | D        | Noticed a destroyer
    21 | D        | Noticed a meat berserker
    22 | D        | Reached XP level 18. HP: 170/170 MP: 9/45
    25 | D        | Noticed a large bag of meat
    26 | D        | Killed a meat berserker
    27 | D        | Killed a meat berserker
    27 | D        | Reached ****** piety under Makhleb
    27 | D        | Noticed a destroyer
    28 | D        | Reached XP level 19. HP: 182/182 MP: 11/48
    28 | D        | Killed a meat berserker
    29 | D        | Reached skill level 27 in Invocations
    29 | D        | Noticed a large bag of meat
    31 | D        | Noticed a sculptor of flesh
    31 | D        | Killed a destroyer
    31 | D        | Noticed a destroyer
    31 | D        | Noticed a large bag of meat
    32 | D        | Killed a large bag of meat
    33 | D        | Reached skill level 27 in Ranged Weapons
    33 | D        | Reached skill level 27 in Dodging
    33 | D        | Reached XP level 20. HP: 184/196 MP: 12/50
    34 | D        | Killed a destroyer
    34 | D        | Noticed a large bag of meat
    35 | D        | Reached skill level 27 in Fighting
    35 | D        | Reached skill level 27 in Short Blades
    35 | D        | Reached skill level 27 in Long Blades
    35 | D        | Reached skill level 27 in Axes
    35 | D        | Reached skill level 27 in Maces & Flails
    35 | D        | Reached skill level 27 in Polearms
    35 | D        | Reached skill level 27 in Staves
    35 | D        | Reached skill level 27 in Throwing
    35 | D        | Reached skill level 27 in Armour
    35 | D        | Reached skill level 27 in Stealth
    35 | D        | Reached skill level 27 in Shields
    35 | D        | Reached skill level 27 in Unarmed Combat
    35 | D        | Reached skill level 27 in Spellcasting
    35 | D        | Reached skill level 27 in Evocations
    38 | D        | Reached skill level 27 in Conjurations
    38 | D        | Reached skill level 27 in Hexes
    38 | D        | Reached skill level 27 in Summonings
    38 | D        | Reached skill level 27 in Necromancy
    38 | D        | Reached skill level 27 in Translocations
    38 | D        | Reached skill level 27 in Transmutations
    38 | D        | Reached skill level 27 in Fire Magic
    38 | D        | Reached skill level 27 in Ice Magic
    38 | D        | Reached skill level 27 in Air Magic
    38 | D        | Reached skill level 27 in Earth Magic
    38 | D        | Reached skill level 27 in Poison Magic
    38 | D        | Reached XP level 21. HP: 204/204 MP: 13/52
    39 | D        | Killed a large bag of meat
    41 | D        | Killed a large bag of meat
    41 | D        | Noticed a meat berserker
    41 | D        | Noticed a meat berserker
    42 | D        | Killed a large bag of meat
    43 | D        | Killed a meat berserker
    43 | D        | Noticed a meat berserker
    44 | D        | Reached XP level 22. HP: 164/212 MP: 14/53
    44 | D        | Noticed a destroyer
    44 | D        | Noticed a destroyer
    44 | D        | Noticed The Servant
    44 | D        | Mangled by a destroyer

Illustrated notes

Levels and vault maps discovered:
D:        meatsprint

Skill      XL: |  1  2  3  4  5  6  7  8  9 10 11 12 13 14 15 16 17 18 19 20 |
---------------+-------------------------------------------------------------+-----
Fighting       | 11 14 16 18 20 22 24 26 27 | 27.0
Short Blades   | 11 14 16 18 20 22 24 26 27 | 27.0
Long Blades    | 11 14 16 18 20 22 24 26 27 | 27.0
Axes           | 11 14 16 18 20 22 24 26 27 | 27.0
Maces & Flails | 11 14 16 18 20 22 24 26 27 | 27.0
Polearms       | 11 14 16 18 20 22 24 26 27 | 27.0
Staves         | 11 14 16 18 20 22 24 26 27 | 27.0
Ranged Weapons | 13 15 16 17 19 21 23 25 27 | 27.0
Throwing       | 11 14 16 18 20 22 24 26 27 | 27.0
Armour         | 11 14 16 18 20 22 24 26 27 | 27.0
Dodging        | 13 15 16 17 19 21 23 25 27 | 27.0
Stealth        | 11 14 16 18 20 22 24 26 27 | 27.0
Shields        | 11 14 16 18 20 22 24 26 27 | 27.0
Unarmed Combat | 11 14 16 18 20 22 24 26 27 | 27.0
Spellcasting   | 12 15 17 19 20 23 25 26 27 | 27.0
Conjurations   | 9 12 13 15 17 19 21 22 27 | 27.0
Hexes          | 9 12 13 15 17 19 21 22 27 | 27.0
Summonings     | 9 12 13 15 17 19 21 22 27 | 27.0
Necromancy     | 9 12 13 15 17 19 21 22 27 | 27.0
Translocations | 9 12 13 15 17 19 21 22 27 | 27.0
Transmutations | 9 12 13 15 17 19 21 22 27 | 27.0
Fire Magic     | 9 12 13 15 17 19 21 22 27 | 27.0
Ice Magic      | 9 12 13 15 17 19 21 22 27 | 27.0
Air Magic      | 9 12 13 15 17 19 21 22 27 | 27.0
Earth Magic    | 9 12 13 15 17 19 21 22 27 | 27.0
Poison Magic   | 10 12 13 14 16 17 19 21 23 27 | 27.0
Invocations    | 12 15 16 17 20 21 24 26 27 | 27.0
Evocations     | 11 14 16 18 20 22 24 26 27 | 27.0

Action                   |  1- 3 |  4- 6 |  7- 9 | 10-12 | 13-15 | 16-18 | 19-21 | 22-24 || total
-------------------------+-------+-------+-------+-------+-------+-------+-------+-------++-------
Melee: Executioner's axe |     1 |       |       |     1 |     5 |    11 |    12 |       ||    30
Dodge: Dodged            |       |       |       |       |       |     1 |       |       ||     1
